 Dungeon Crawl Stone Soup version 0.18-a0-888-gdb73dea (webtiles) character file.

290 filipzpl the Skirmisher (level 6, 0/41 HPs)
             Began as a Gargoyle Berserker on Dec 23, 2015.
             Was a Believer of Trog.
             Slain by an orc priest
             ... wielding a +0 short sword
              (1 damage)
             ... on level 2 of the Dungeon.
             The game lasted 00:05:29 (1290 turns).

filipzpl the Skirmisher (Gargoyle Berserker)        Turns: 1290, Time: 00:05:30

Health: 0/41       AC: 13    Str: 22    XL:     6   Next: 32%
Magic:  6/6        EV:  5    Int:  8    God:    Trog [**....]
Gold:   154        SH:  7    Dex:  9    Spells: 0 memorised, 5 levels left

rFire  . . .     SeeInvis .     a - +0 mace
rCold  . . .     Gourm    .     n - +0 chain mail
rNeg   + . .     Faith    .     e - +0 shield
rPois  ∞         Spirit   .     (no helmet)
rElec  +         Dismiss  .     (no cloak)
rCorr  .         Reflect  .     (no gloves)
SustAt .         Harm     .     (no boots)
MR     .....                    (no amulet)
Stlth  ..........               (no ring)
                                (no ring)

@: exhausted, not resistant to hostile enchantments, extremely unstealthy
A: negative energy resistance 1, electricity resistance, unbreathing,
petrification resistance, rot immunity, AC +4
a: Berserk, Trog's Hand, Burn Spellbooks, Renounce Religion


You were on level 2 of the Dungeon.
You worshipped Trog.
Trog was pleased with you.
You were near starving.

You visited 1 branch of the dungeon, and saw 3 of its levels.

You collected 154 gold pieces.

Inventory:

Hand Weapons
 a - a +0 mace (weapon)
Armour
 e - a +0 shield (worn)
 n - a +0 chain mail (worn)
Scrolls
 g - 3 scrolls of identify {unknown}
 h - a scroll of amnesia {unknown}
 j - a scroll of fear {unknown}
 l - a scroll of noise {unknown}
 m - a scroll of teleportation {unknown}
 o - a scroll of remove curse {unknown}
Potions
 b - a potion of might {unknown}
 d - a potion of cancellation {unknown}
 f - a potion of flight {unknown}
 i - a potion of invisibility {unknown}
 p - a potion of brilliance {unknown}
Comestibles
 c - 2 bread rations


   Skills:
 * Level 5.9 Fighting
 * Level 5.1 Maces & Flails
 - Level 2.1 Armour
 - Level 1.5 Dodging


You had 5 spell levels left.
You didn't know any spells.

Dungeon Overview and Level Annotations

Branches:
Dungeon (3/15)

Altars:


Innate Abilities, Weirdness & Mutations

You are resistant to torment.
Your stone body is resilient (AC +4).
You are immune to poison.
You resist negative energy.
You are resistant to electric shocks.
You can survive without breathing.
You are immune to petrification.
You are immune to rotting.


Message History

You hit the orc priest.
The orc priest is moderately wounded.
You feel yourself speed up.
The orc priest hits you but does no damage.
The orc priest invokes the aid of Beogh against you.
Pain shoots through your body!
* * * LOW HITPOINT WARNING * * *
Drink which item? (? for menu, Esc to quit)
Okay, then.
You're too exhausted to go berserk.
You hit the orc priest but do no damage.
The orc priest is moderately wounded.
You block the orc priest's attack.
Your chain mail prevents you from hitting the orc priest.
The orc priest is moderately wounded.
The orc priest calls down the wrath of Beogh upon you.
Pain shoots through your body!
* * * LOW HITPOINT WARNING * * *
The orc priest hits you with a short sword.
You die...

##################
[.........[...oo@#
#.....############
#.)...........#
.....#.######.#
........<..##.#
...........##.#
....)......##'###
####............#
## #......#.(...#


You could see an orc priest and an orc.

Vanquished Creatures
  Sigmund (D:2)
  An orc wizard (D:3)
  Ijyb (D:2)
  Terence (D:2)
  2 adders
  An ooze (D:2)
  A worm (D:2)
  2 giant geckos (D:2)
  An orc (D:3)
  A giant cockroach (D:1)
  3 hobgoblins
  3 bats (D:1)
  A giant newt (D:1)
  2 goblins (D:1)
  5 kobolds
  4 rats
30 creatures vanquished.

Notes
Turn   | Place    | Note
--------------------------------------------------------------
     0 | D:1      | filipzpl the Gargoyle Berserker began the quest for the Orb.
     0 | D:1      | Reached XP level 1. HP: 14/14 MP: 1/1
    23 | D:1      | Noticed a centaur
   365 | D:1      | Reached XP level 2. HP: 19/19 MP: 2/2
   661 | D:2      | Noticed Sigmund
   661 | D:2      | Noticed Terence
   664 | D:2      | Killed Terence
   664 | D:2      | Reached skill level 4 in Fighting
   664 | D:2      | Reached XP level 3. HP: 24/24 MP: 3/3
   673 | D:2      | Killed Sigmund
   673 | D:2      | Reached skill level 5 in Fighting
   673 | D:2      | Reached XP level 4. HP: 31/31 MP: 4/4
   673 | D:2      | Reached XP level 5. HP: 35/35 MP: 5/5
  1116 | D:2      | Noticed Ijyb
  1138 | D:2      | Killed Ijyb
  1138 | D:2      | Reached skill level 5 in Maces & Flails
  1138 | D:2      | Reached XP level 6. HP: 25/41 MP: 6/6
  1140 | D:2      | Reached ** piety under Trog
  1290 | D:2      | HP: 1/41 [orc priest/nerve-wracking pain (5)]
  1290 | D:2      | Slain by an orc priest

Vault maps used:
D:1:      evilmike_arrival_come_back
D:2:      grunt_ministairs_10, uniq_sigmund, uniq_terence, uniq_iyjb
D:3:      lemuel_round_altar, cheibrodos_ashenzari_chains

Action                   |  1- 3 |  4- 6 || total
-------------------------+-------+-------++-------
Melee: Mace              |    49 |    82 ||   131
Invok: Berserk           |     1 |     1 ||     2
  Eat: Fruit             |       |     2 ||     2
